Minnesota North Stars vs Toronto Maple Leafs
(R1)
Created - Sunday, October 8, 2023 at 07:18
Goals
|
| Minnesota North Stars |
2 |
2 |
1 |
5 |
| Toronto Maple Leafs |
0 |
1 |
1 |
2 |
|
Shots
|
| Minnesota North Stars |
9 |
5 |
16 |
30 |
| Toronto Maple Leafs |
18 |
13 |
9 |
40 |
|
1st period
1. Minnesota North Stars , Jeff Skinner 15 (Brandon Montour 11, Viktor Arvidsson 17) at 1:47 (PP)
2. Minnesota North Stars , Viktor Arvidsson 12 (Ryan Nugent-Hopkins 15, Jeff Skinner 18) at 17:00
Penalties :
Aaron Ekblad (TOR) for Hooking (Minor) at 0:03, Aaron Ekblad (TOR) for Hooking (Minor) at 9:29, Aaron Ekblad (TOR) for Hooking (Minor) at 14:51, Luke Schenn (TOR) for Interference (Minor) at 19:40
2nd period
3. Minnesota North Stars , Eeli Tolvanen 4 (Frank Vatrano 3, Brandon Montour 12) at 1:57
4. Toronto Maple Leafs , Brady Tkachuk 25 (Aaron Ekblad 24) at 12:52
5. Minnesota North Stars , Jack Hughes 7 (Evgeni Malkin 28, Neal Pionk 6) at 16:19 (PP)
Penalties :
Sam Bennett (TOR) for Tripping (Minor) at 6:20, Luke Schenn (TOR) for Hooking (Minor) at 15:38
3rd period
6. Toronto Maple Leafs , Kyle Okposo 6 (Nicolas Roy 8, Luke Schenn 4) at 4:49
7. Minnesota North Stars , Rasmus Dahlin 6 (Jeff Skinner 19, Ryan Nugent-Hopkins 16) at 12:35 (PP)
Penalties :
Evgeni Malkin (MNS) for Holding (Minor) at 8:20, Aaron Ekblad (TOR) for Roughing (Double Minor) at 11:28, Luke Schenn (TOR) for Tripping (Minor) at 16:45
Goalie Stats
Antti Raanta (MNS), 38 saves from 40 shots - (0.950), W, 12-8-2, 60:00 minutes
Cam Talbot (TOR), 25 saves from 30 shots - (0.833), L, 5-6-0, 60:00 minutes
Players Stats for Minnesota North Stars
Player Name G A P +/- PIM S H SB GA TA FO MP PP MP PK MP
------------------------------------------------------------------------------------
Adam Lowry 0 0 0 -1 0 2 1 0 0 0 6/10 12:11 0:01 0:51
Alexander Barabanov 0 0 0 0 0 2 0 0 0 0 1/1 12:39 0:01 0:31
Brandon Montour 0 2 2 -1 0 1 3 0 1 0 0/0 22:31 7:58 0:00
Derick Brassard 0 0 0 1 0 1 1 0 0 0 1/3 8:24 0:00 0:00
Eeli Tolvanen 1 0 1 1 0 2 0 0 0 0 0/0 8:24 0:00 0:00
Evan Rodrigues 0 0 0 -1 0 3 1 0 1 2 0/0 18:58 7:48 0:40
Evgeni Malkin 0 1 1 0 2 3 1 2 1 0 7/19 19:05 7:48 0:00
Frank Vatrano 0 1 1 1 0 1 0 0 1 0 0/0 8:24 0:00 0:00
Gustav Forsling 0 0 0 1 0 0 0 1 0 2 0/0 22:39 7:28 1:03
Jack Hughes 1 0 1 0 0 3 0 0 0 0 0/1 19:26 7:48 0:20
Jamie Oleksiak 0 0 0 -2 0 1 0 2 0 0 0/0 15:23 0:00 1:03
Jeff Skinner 1 2 3 0 0 4 0 2 1 0 0/0 19:11 7:37 0:00
Jonathan Toews 0 0 0 -1 0 1 0 0 0 0 0/0 12:08 0:01 0:48
Justin Holl 0 0 0 1 0 0 1 2 0 0 0/0 14:20 0:00 0:00
Neal Pionk 0 1 1 0 0 0 4 2 0 4 0/0 21:59 7:28 0:56
Rasmus Dahlin 1 0 1 1 0 2 3 0 0 0 0/0 23:08 7:58 0:56
Ryan Nugent-Hopkins 0 2 2 0 0 1 2 0 0 0 9/22 19:59 7:37 0:48
Viktor Arvidsson 1 1 2 0 0 3 1 1 3 0 1/2 19:11 7:37 0:00
Players Stats for Toronto Maple Leafs
Player Name G A P +/- PIM S H SB GA TA FO MP PP MP PK MP
------------------------------------------------------------------------------------
Aaron Ekblad 0 1 1 0 10 3 0 3 0 0 0/0 23:32 1:12 4:13
Andrew Mangiapane 0 0 0 1 0 1 1 0 0 0 0/0 7:37 0:00 0:00
Brady Tkachuk 1 0 1 0 0 6 2 1 2 1 0/0 17:29 0:59 1:42
Brandon Saad 0 0 0 1 0 0 0 0 0 1 1/2 15:20 1:00 0:00
Cody Ceci 0 0 0 1 0 2 2 3 0 0 0/0 27:17 0:47 9:51
Dougie Hamilton 0 0 0 0 0 0 1 1 0 0 0/0 20:20 1:12 4:39
Kyle Okposo 1 0 1 1 0 2 0 1 0 0 0/0 12:53 0:00 5:16
Luke Schenn 0 1 1 -2 6 2 0 1 0 1 0/0 18:32 0:00 6:34
Mario Ferraro 0 0 0 -1 0 2 0 2 1 2 0/0 17:04 0:00 5:35
Nick Bjugstad 0 0 0 -1 0 0 0 0 0 1 16/20 16:54 0:00 8:28
Nicolas Roy 0 1 1 0 0 2 0 0 0 1 2/4 16:39 0:00 8:28
Nino Niederreiter 0 0 0 -1 0 5 0 1 4 0 0/0 10:06 0:00 1:42
Ryan Pulock 0 0 0 0 0 0 0 1 0 0 0/0 14:30 0:47 0:00
Sam Bennett 0 0 0 1 2 5 0 1 1 0 8/17 15:15 0:59 0:00
Scott Laughton 0 0 0 0 0 5 2 0 0 0 6/15 18:00 1:00 5:16
Trevor Zegras 0 0 0 0 0 4 2 0 0 0 0/0 12:44 1:00 0:00
Troy Terry 0 0 0 0 0 1 0 0 0 1 0/0 12:39 0:59 0:00
Warren Foegele 0 0 0 0 0 0 0 0 0 0 0/0 7:35 0:00 0:00
3 Stars
1 - Jeff Skinner (MNS)
2 - Antti Raanta (MNS)
3 - Viktor Arvidsson (MNS)
Power Play
Minnesota North Stars - 3 on 9 Attempt(s) - 33.33%
Toronto Maple Leafs - 0 on 1 Attempt(s) - 0.00%
Penalty Kill
Minnesota North Stars - 1 on 1 Attempt(s) - 100.00%
- Score 0 goal in Penalty Kill
Toronto Maple Leafs - 6 on 9 Attempt(s) - 66.67%
- Score 0 goal in Penalty Kill
Team Stat
Minnesota North Stars - Hits : 18 - Faceoff Wins : 25 - Blocked Shots : 12 - Penalty Minutes : 2
Toronto Maple Leafs - Hits : 10 - Faceoff Wins : 33 - Blocked Shots : 15 - Penalty Minutes : 18
Official
Referees : Frederick L'Ecuyer and Eric Furlatt
Linesman : Brian Murphy and Brandon Gawryletz
Game Notes
No Game Note
Finance
Level 1 -- Attendance: 6000 (100.00%) -- Ticket Income $564,000
Level 2 -- Attendance: 4447 (88.94%) -- Ticket Income $240,138
Level 3 -- Attendance: 3000 (100.00%) -- Ticket Income $99,000
Level 4 -- Attendance: 5000 (100.00%) -- Ticket Income $105,000
Luxury Box -- Attendance: 1000 (100.00%) -- Ticket Income $193,000
Game was played at the Air Canada Centre.
Total Attendance: 19447 (97.24%)
Total Ticket Income: $1,201,138
Other Income: $420,398
Total Income: $1,621,536
Minnesota North Stars
5 vs 5 Forward
Center Left Wing Right Wing Time % Phy DF OF
1 Ryan Nugent-Hopkins Jeff Skinner Viktor Arvidsson 30 1 2 2
2 Evgeni Malkin Jack Hughes Alexander Barabanov 30 1 2 2
3 Adam Lowry Evan Rodrigues Jonathan Toews 30 1 2 2
4 Derick Brassard Eeli Tolvanen Frank Vatrano 10 1 2 2
5 vs 5 Defense
Defense Defense Time % Phy DF OF
1 Rasmus Dahlin Neal Pionk 34 1 2 2
2 Jamie Oleksiak Brandon Montour 34 1 2 2
3 Justin Holl Gustav Forsling 32 1 2 2
4 Rasmus Dahlin Brandon Montour 0 1 2 2
PowerPlay Forward
Center Left Wing Right Wing Time % Phy DF OF
1 Ryan Nugent-Hopkins Jeff Skinner Viktor Arvidsson 50 1 2 2
2 Evgeni Malkin Jack Hughes Evan Rodrigues 50 1 2 2
PowerPlay Defense
Defense Defense Time % Phy DF OF
1 Rasmus Dahlin Brandon Montour 50 1 2 2
2 Neal Pionk Gustav Forsling 50 1 2 2
Penalty Kill 4 Players Forward
Center Wing Time % Phy DF OF
1 Ryan Nugent-Hopkins Jonathan Toews 50 1 2 2
2 Adam Lowry Evgeni Malkin 50 1 2 2
Penalty Kill 4 Players Defense
Defense Defense Time % Phy DF OF
1 Rasmus Dahlin Neal Pionk 50 1 2 2
2 Jamie Oleksiak Gustav Forsling 50 1 2 2
Penalty Kill - 3 Players Forward
Forward Time % Phy DF OF
1 Ryan Nugent-Hopkins 50 1 2 2
2 Evgeni Malkin 50 1 2 2
Penalty Kill - 3 Players Defense
Defense Defense Time % Phy DF OF
1 Rasmus Dahlin Neal Pionk 50 1 2 2
2 Jamie Oleksiak Gustav Forsling 50 1 2 2
4 vs 4 Forward
Center Wing Time % Phy DF OF
1 Ryan Nugent-Hopkins Jeff Skinner 50 1 2 2
2 Evgeni Malkin Jack Hughes 50 1 2 2
4 vs 4 Defense
Defense Defense Time % Phy DF OF
1 Rasmus Dahlin Brandon Montour 50 1 2 2
2 Neal Pionk Gustav Forsling 50 1 2 2
Last Minutes Offensive
Center Left Wing Right Wing Defense Defense
Ryan Nugent-Hopkins Evgeni Malkin Jack Hughes Rasmus Dahlin Brandon Montour
Last Minutes Defensive
Center Left Wing Right Wing Defense Defense
Ryan Nugent-Hopkins Jonathan Toews Adam Lowry Gustav Forsling Jamie Oleksiak
Goaltenders
Starting : Antti Raanta
Backup : Stuart Skinner
Extra Forwards
Normal : Adam Lowry, Jonathan Toews, Evan Rodrigues - PP : Adam Lowry, Jonathan Toews - PK : Evan Rodrigues
Extra Defensemen
Normal : Neal Pionk, Justin Holl, Jamie Oleksiak - PP : Neal Pionk - PK : Justin Holl, Jamie Oleksiak
Penalty Shots
Ryan Nugent-Hopkins, Evgeni Malkin, Jeff Skinner, Brandon Montour, Neal Pionk
Toronto Maple Leafs
5 vs 5 Forward
Center Left Wing Right Wing Time % Phy DF OF
1 Sam Bennett Brady Tkachuk Brandon Saad 40 1 2 2
2 Scott Laughton Trevor Zegras Troy Terry 30 1 2 2
3 Nicolas Roy Andrew Mangiapane Kyle Okposo 20 1 2 2
4 Nick Bjugstad Warren Foegele Nino Niederreiter 10 1 2 2
5 vs 5 Defense
Defense Defense Time % Phy DF OF
1 Aaron Ekblad Cody Ceci 40 1 2 2
2 Dougie Hamilton Ryan Pulock 30 1 2 2
3 Mario Ferraro Luke Schenn 20 1 2 2
4 Dougie Hamilton Ryan Pulock 10 1 2 2
PowerPlay Forward
Center Left Wing Right Wing Time % Phy DF OF
1 Sam Bennett Brady Tkachuk Troy Terry 60 1 2 2
2 Scott Laughton Trevor Zegras Brandon Saad 40 1 2 2
PowerPlay Defense
Defense Defense Time % Phy DF OF
1 Aaron Ekblad Dougie Hamilton 60 1 2 2
2 Cody Ceci Ryan Pulock 40 1 2 2
Penalty Kill 4 Players Forward
Center Wing Time % Phy DF OF
1 Nick Bjugstad Nicolas Roy 60 1 2 2
2 Scott Laughton Kyle Okposo 40 1 2 2
Penalty Kill 4 Players Defense
Defense Defense Time % Phy DF OF
1 Aaron Ekblad Cody Ceci 60 1 2 2
2 Mario Ferraro Luke Schenn 40 1 2 2
Penalty Kill - 3 Players Forward
Forward Time % Phy DF OF
1 Nick Bjugstad 60 1 2 2
2 Scott Laughton 40 1 2 2
Penalty Kill - 3 Players Defense
Defense Defense Time % Phy DF OF
1 Aaron Ekblad Cody Ceci 60 1 2 2
2 Mario Ferraro Luke Schenn 40 1 2 2
4 vs 4 Forward
Center Wing Time % Phy DF OF
1 Scott Laughton Troy Terry 60 1 2 2
2 Nicolas Roy Trevor Zegras 40 1 2 2
4 vs 4 Defense
Defense Defense Time % Phy DF OF
1 Dougie Hamilton Ryan Pulock 60 1 2 2
2 Aaron Ekblad Cody Ceci 40 1 2 2
Last Minutes Offensive
Center Left Wing Right Wing Defense Defense
Sam Bennett Brady Tkachuk Troy Terry Aaron Ekblad Dougie Hamilton
Last Minutes Defensive
Center Left Wing Right Wing Defense Defense
Nick Bjugstad Scott Laughton Nicolas Roy Aaron Ekblad Cody Ceci
Goaltenders
Starting : Cam Talbot
Backup : Frederik Andersen
Extra Forwards
Normal : Andrew Mangiapane, Nicolas Roy, Nino Niederreiter - PP : Andrew Mangiapane, Nicolas Roy - PK : Nino Niederreiter
Extra Defensemen
Normal : Mario Ferraro, Luke Schenn, Dougie Hamilton - PP : Mario Ferraro - PK : Luke Schenn, Dougie Hamilton
Penalty Shots
Trevor Zegras, Dougie Hamilton, Kyle Okposo, Nick Bjugstad, Nicolas Roy
% Time on Ice - Minnesota North Stars
Lines # - Real PCT - Wanted PCT - Time Play
Normal Forward
1 - 27% - 30% - 11:34
2 - 27% - 30% - 11:35
3 - 26% - 30% - 11:02
4 - 20% - 10% - 8:24
Normal Defense
1 - 32% - 34% - 13:44
2 - 33% - 34% - 14:01
3 - 34% - 32% - 14:20
4 - 1% - 0% - 0:30
PP Forward
1 - 49% - 50% - 7:37
2 - 51% - 50% - 7:49
PP Defense
1 - 52% - 50% - 7:58
2 - 48% - 50% - 7:28
PK Forward
1 - 40% - 50% - 0:48
2 - 60% - 50% - 1:11
PK Defense
1 - 47% - 50% - 0:56
2 - 53% - 50% - 1:03
PK3 Forward
1 - 0% - 50%
2 - 0% - 50%
PK3 Defense
1 - 0% - 50%
2 - 0% - 50%
44 Forward
1 - 0% - 50%
2 - 0% - 50%
44 Defense
1 - 0% - 50%
2 - 0% - 50%
Last Minute Offensive - 0:00
Last Minute Defensive - 0:00
Total
Forward - 60:00
Defense - 60:00
|
% Time on Ice - Toronto Maple Leafs
Lines # - Real PCT - Wanted PCT - Time Play
Normal Forward
1 - 37% - 40% - 15:39
2 - 28% - 30% - 11:44
3 - 18% - 20% - 7:37
4 - 18% - 10% - 7:35
Normal Defense
1 - 43% - 40% - 18:17
2 - 30% - 30% - 12:39
3 - 23% - 20% - 9:56
4 - 4% - 10% - 1:43
PP Forward
1 - 50% - 60% - 0:59
2 - 50% - 40% - 1:00
PP Defense
1 - 61% - 60% - 1:12
2 - 39% - 40% - 0:47
PK Forward
1 - 66% - 60% - 10:10
2 - 34% - 40% - 5:16
PK Defense
1 - 65% - 60% - 10:04
2 - 35% - 40% - 5:22
PK3 Forward
1 - 0% - 60%
2 - 0% - 40%
PK3 Defense
1 - 0% - 60%
2 - 0% - 40%
44 Forward
1 - 0% - 60%
2 - 0% - 40%
44 Defense
1 - 0% - 60%
2 - 0% - 40%
Last Minute Offensive - 0:00
Last Minute Defensive - 0:00
Total
Forward - 60:00
Defense - 60:00
|
Play-by-Play
1st period
0:01 of 1st period - Sam Bennett wins face-off versus Ryan Nugent-Hopkins in neutral zone.
0:03 of 1st period - Minor Penalty to Aaron Ekblad for Hooking.
0:04 of 1st period - Nicolas Roy wins face-off versus Ryan Nugent-Hopkins in Toronto Maple Leafs zone.
1:03 of 1st period - Wrist shot by Jeff Skinner.
1:03 of 1st period - Shot Misses the Net.
1:11 of 1st period - Snap shot by Jeff Skinner.
1:11 of 1st period - Stopped by Cam Talbot with a rebound.
1:13 of 1st period - Slapshot by Rasmus Dahlin.
1:13 of 1st period - Shot Blocked by Mario Ferraro.
1:15 of 1st period - Slapshot by Rasmus Dahlin.
1:15 of 1st period - Shot Misses the Net.
1:19 of 1st period - Slapshot by Jeff Skinner.
1:19 of 1st period - Shot Hit the Post.
1:21 of 1st period - Snap shot by Ryan Nugent-Hopkins.
1:21 of 1st period - Stopped by Cam Talbot with a rebound.
1:41 of 1st period - Wrist shot by Viktor Arvidsson.
1:41 of 1st period - Stopped by Cam Talbot with a rebound.
1:43 of 1st period - Wrist shot by Viktor Arvidsson.
1:43 of 1st period - Shot Blocked by Cody Ceci.
1:45 of 1st period - Slapshot by Brandon Montour.
1:45 of 1st period - Shot Misses the Net.
1:47 of 1st period - Wrist shot by Jeff Skinner.
1:47 of 1st period - Goal by Jeff Skinner - Minnesota North Stars : 1 - Toronto Maple Leafs : 0.
1:48 of 1st period - Evgeni Malkin wins face-off versus Sam Bennett in neutral zone.
2:01 of 1st period - Snap shot by Brady Tkachuk.
2:01 of 1st period - Shot Misses the Net.
2:03 of 1st period - Snap shot by Aaron Ekblad.
2:03 of 1st period - Deflect By Sam Bennett.
2:03 of 1st period - Stopped by Antti Raanta with a rebound.
2:05 of 1st period - Wrist shot by Aaron Ekblad.
2:05 of 1st period - Shot Blocked by Justin Holl.
2:26 of 1st period - Slapshot by Evan Rodrigues.
2:26 of 1st period - Shot Misses the Net.
2:42 of 1st period - Wrist shot by Eeli Tolvanen.
2:42 of 1st period - Deflect By Frank Vatrano.
2:42 of 1st period - Shot Misses the Net.
2:42 of 1st period - Puck is out of play.
2:43 of 1st period - Sam Bennett wins face-off versus Derick Brassard in Toronto Maple Leafs zone.
2:54 of 1st period - Wrist shot by Brady Tkachuk.
2:54 of 1st period - Stopped by Antti Raanta with a rebound.
4:08 of 1st period - Wrist shot by Frank Vatrano.
4:08 of 1st period - Shot Misses the Net.
4:30 of 1st period - Snap shot by Nino Niederreiter.
4:30 of 1st period - Stopped by Antti Raanta with a rebound.
4:34 of 1st period - Snap shot by Nino Niederreiter.
4:34 of 1st period - Shot Misses the Net.
4:36 of 1st period - Slapshot by Luke Schenn.
4:36 of 1st period - Stopped by Antti Raanta with a rebound.
4:58 of 1st period - Snap shot by Nino Niederreiter.
4:58 of 1st period - Stopped by Antti Raanta with a rebound.
5:00 of 1st period - Slapshot by Mario Ferraro.
5:00 of 1st period - Stopped by Antti Raanta without a rebound.
5:01 of 1st period - Sam Bennett wins face-off versus Ryan Nugent-Hopkins in Minnesota North Stars zone.
5:09 of 1st period - Snap shot by Sam Bennett.
5:09 of 1st period - Shot Blocked by Justin Holl.
5:11 of 1st period - Slapshot by Cody Ceci.
5:11 of 1st period - Stopped by Antti Raanta with a rebound.
5:15 of 1st period - Slapshot by Sam Bennett.
5:15 of 1st period - Deflect By Brandon Saad.
5:15 of 1st period - Shot Misses the Net.
5:15 of 1st period - Puck is out of play.
5:16 of 1st period - Scott Laughton wins face-off versus Adam Lowry in Minnesota North Stars zone.
5:23 of 1st period - Snap shot by Troy Terry.
5:23 of 1st period - Deflect By Trevor Zegras.
5:23 of 1st period - Stopped by Antti Raanta with a rebound.
7:15 of 1st period - Snap shot by Frank Vatrano.
7:15 of 1st period - Shot Blocked by Cody Ceci.
7:17 of 1st period - Slapshot by Jamie Oleksiak.
7:17 of 1st period - Deflect By Eeli Tolvanen.
7:17 of 1st period - Shot Blocked by Nino Niederreiter.
7:17 of 1st period - Puck is out of play.
7:18 of 1st period - Ryan Nugent-Hopkins wins face-off versus Sam Bennett in Toronto Maple Leafs zone.
7:27 of 1st period - Snap shot by Jeff Skinner.
7:27 of 1st period - Shot Blocked by Mario Ferraro.
7:47 of 1st period - Off-side.
7:48 of 1st period - Nicolas Roy wins face-off versus Adam Lowry in neutral zone.
8:14 of 1st period - Evan Rodrigues is hit by Andrew Mangiapane and loses puck.
8:22 of 1st period - Off-side.
8:23 of 1st period - Ryan Nugent-Hopkins wins face-off versus Sam Bennett in neutral zone.
8:50 of 1st period - Jack Hughes is hit by Scott Laughton and loses puck.
9:15 of 1st period - Snap shot by Eeli Tolvanen.
9:15 of 1st period - Shot Misses the Net.
9:29 of 1st period - Minor Penalty to Aaron Ekblad for Hooking.
9:30 of 1st period - Nick Bjugstad wins face-off versus Evgeni Malkin in Toronto Maple Leafs zone.
9:30 of 1st period - Nick Bjugstad is hit by Evgeni Malkin.
11:29 of 1st period - Penalty to Aaron Ekblad is over, Aaron Ekblad is back on ice.
11:34 of 1st period - Sam Bennett is hit by Rasmus Dahlin and loses puck.
12:27 of 1st period - Aaron Ekblad is hit by Justin Holl and loses puck.
12:38 of 1st period - Snap shot by Troy Terry.
12:38 of 1st period - Stopped by Antti Raanta with a rebound.
12:50 of 1st period - Wrist shot by Eeli Tolvanen.
12:50 of 1st period - Stopped by Cam Talbot with a rebound.
12:58 of 1st period - Aaron Ekblad is hit by Derick Brassard and loses puck.
13:11 of 1st period - Wrist shot by Nino Niederreiter.
13:11 of 1st period - Stopped by Antti Raanta without a rebound.
13:12 of 1st period - Nick Bjugstad wins face-off versus Ryan Nugent-Hopkins in Minnesota North Stars zone.
13:13 of 1st period - Slapshot by Nino Niederreiter.
13:13 of 1st period - Deflect By Warren Foegele.
13:13 of 1st period - Shot Blocked by Neal Pionk.
13:13 of 1st period - Puck is out of play.
13:14 of 1st period - Nick Bjugstad wins face-off versus Ryan Nugent-Hopkins in Minnesota North Stars zone.
14:01 of 1st period - Wrist shot by Troy Terry.
14:01 of 1st period - Shot Blocked by Jamie Oleksiak.
14:03 of 1st period - Snap shot by Scott Laughton.
14:03 of 1st period - Shot Blocked by Jamie Oleksiak.
14:05 of 1st period - Wrist shot by Scott Laughton.
14:05 of 1st period - Stopped by Antti Raanta without a rebound.
14:06 of 1st period - Scott Laughton wins face-off versus Ryan Nugent-Hopkins in Minnesota North Stars zone.
14:15 of 1st period - Troy Terry is hit by Ryan Nugent-Hopkins and loses puck.
14:20 of 1st period - Wrist shot by Jeff Skinner.
14:20 of 1st period - Shot Blocked by Aaron Ekblad.
14:22 of 1st period - Slapshot by Ryan Nugent-Hopkins.
14:22 of 1st period - Shot Misses the Net.
14:51 of 1st period - Minor Penalty to Aaron Ekblad for Hooking.
14:52 of 1st period - Nick Bjugstad wins face-off versus Evgeni Malkin in Toronto Maple Leafs zone.
15:25 of 1st period - Off-side.
15:26 of 1st period - Ryan Nugent-Hopkins wins face-off versus Scott Laughton in neutral zone.
15:29 of 1st period - Snap shot by Ryan Nugent-Hopkins.
15:29 of 1st period - Deflect By Viktor Arvidsson.
15:29 of 1st period - Stopped by Cam Talbot without a rebound.
15:30 of 1st period - Nick Bjugstad wins face-off versus Ryan Nugent-Hopkins in Toronto Maple Leafs zone.
15:43 of 1st period - Wrist shot by Jeff Skinner.
15:43 of 1st period - Shot Blocked by Luke Schenn.
15:45 of 1st period - Slapshot by Neal Pionk.
15:45 of 1st period - Deflect By Ryan Nugent-Hopkins.
15:45 of 1st period - Shot Misses the Net.
15:45 of 1st period - Puck is out of play.
15:46 of 1st period - Nick Bjugstad wins face-off versus Evgeni Malkin in Toronto Maple Leafs zone.
15:55 of 1st period - Backhand shot by Jack Hughes.
15:55 of 1st period - Deflect By Nick Bjugstad.
15:55 of 1st period - Shot Misses the Net.
15:55 of 1st period - Puck is out of play.
15:56 of 1st period - Nick Bjugstad wins face-off versus Evgeni Malkin in Toronto Maple Leafs zone.
16:42 of 1st period - Wrist shot by Jack Hughes.
16:42 of 1st period - Stopped by Cam Talbot with a rebound.
16:44 of 1st period - Snap shot by Neal Pionk.
16:44 of 1st period - Shot Blocked by Cody Ceci.
16:46 of 1st period - Slapshot by Neal Pionk.
16:46 of 1st period - Shot Blocked by Kyle Okposo.
16:48 of 1st period - Wrist shot by Evan Rodrigues.
16:48 of 1st period - Stopped by Cam Talbot without a rebound.
16:49 of 1st period - Ryan Nugent-Hopkins wins face-off versus Nick Bjugstad in Toronto Maple Leafs zone.
16:51 of 1st period - Penalty to Aaron Ekblad is over, Aaron Ekblad is back on ice.
17:00 of 1st period - Slapshot by Viktor Arvidsson.
17:00 of 1st period - Goal by Viktor Arvidsson - Minnesota North Stars : 2 - Toronto Maple Leafs : 0.
17:01 of 1st period - Viktor Arvidsson wins face-off versus Sam Bennett in neutral zone.
17:16 of 1st period - Slapshot by Brady Tkachuk.
17:16 of 1st period - Shot Blocked by Neal Pionk.
17:18 of 1st period - Wrist shot by Sam Bennett.
17:18 of 1st period - Stopped by Antti Raanta without a rebound.
17:19 of 1st period - Scott Laughton wins face-off versus Evgeni Malkin in Minnesota North Stars zone.
17:26 of 1st period - Slapshot by Trevor Zegras.
17:26 of 1st period - Stopped by Antti Raanta without a rebound.
17:27 of 1st period - Alexander Barabanov wins face-off versus Scott Laughton in Minnesota North Stars zone.
17:48 of 1st period - Snap shot by Troy Terry.
17:48 of 1st period - Shot Misses the Net.
17:50 of 1st period - Snap shot by Aaron Ekblad.
17:50 of 1st period - Deflect By Evgeni Malkin.
17:50 of 1st period - Stopped by Antti Raanta without a rebound.
17:51 of 1st period - Sam Bennett wins face-off versus Ryan Nugent-Hopkins in Minnesota North Stars zone.
17:58 of 1st period - Snap shot by Sam Bennett.
17:58 of 1st period - Shot Blocked by Jeff Skinner.
18:26 of 1st period - Nicolas Roy is hit by Adam Lowry and loses puck.
18:43 of 1st period - Snap shot by Trevor Zegras.
18:43 of 1st period - Deflect By Scott Laughton.
18:43 of 1st period - Stopped by Antti Raanta with a rebound.
18:45 of 1st period - Snap shot by Scott Laughton.
18:45 of 1st period - Stopped by Antti Raanta with a rebound.
18:53 of 1st period - Wrist shot by Trevor Zegras.
18:53 of 1st period - Stopped by Antti Raanta with a rebound.
19:25 of 1st period - Slapshot by Nino Niederreiter.
19:25 of 1st period - Stopped by Antti Raanta without a rebound.
19:26 of 1st period - Nick Bjugstad wins face-off versus Ryan Nugent-Hopkins in Minnesota North Stars zone.
19:40 of 1st period - Minor Penalty to Luke Schenn for Interference.
19:41 of 1st period - Nick Bjugstad wins face-off versus Evgeni Malkin in Toronto Maple Leafs zone.
Goals for this period are 2 for Minnesota North Stars vs 0 for Toronto Maple Leafs.
Shots for this period are 9 for Minnesota North Stars vs 18 for Toronto Maple Leafs.
2nd period
0:01 of 2nd period - Nick Bjugstad wins face-off versus Jack Hughes in neutral zone.
1:40 of 2nd period - Penalty to Luke Schenn is over, Luke Schenn is back on ice.
1:57 of 2nd period - Snap shot by Eeli Tolvanen.
1:57 of 2nd period - Goal by Eeli Tolvanen - Minnesota North Stars : 3 - Toronto Maple Leafs : 0.
1:58 of 2nd period - Sam Bennett wins face-off versus Adam Lowry in neutral zone.
2:40 of 2nd period - Snap shot by Nicolas Roy.
2:40 of 2nd period - Stopped by Antti Raanta without a rebound.
2:41 of 2nd period - Ryan Nugent-Hopkins wins face-off versus Scott Laughton in Minnesota North Stars zone.
2:44 of 2nd period - Wrist shot by Trevor Zegras.
2:44 of 2nd period - Stopped by Antti Raanta with a rebound.
2:46 of 2nd period - Snap shot by Cody Ceci.
2:46 of 2nd period - Stopped by Antti Raanta with a rebound.
2:48 of 2nd period - Snap shot by Scott Laughton.
2:48 of 2nd period - Stopped by Antti Raanta with a rebound.
3:28 of 2nd period - Cody Ceci is hit by Brandon Montour and loses puck.
3:37 of 2nd period - Snap shot by Eeli Tolvanen.
3:37 of 2nd period - Shot Misses the Net.
3:51 of 2nd period - Wrist shot by Jeff Skinner.
3:51 of 2nd period - Stopped by Cam Talbot without a rebound.
3:52 of 2nd period - Evgeni Malkin wins face-off versus Nicolas Roy in Toronto Maple Leafs zone.
4:17 of 2nd period - Ryan Pulock is hit by Rasmus Dahlin and loses puck.
4:26 of 2nd period - Snap shot by Ryan Nugent-Hopkins.
4:26 of 2nd period - Shot Misses the Net.
6:02 of 2nd period - Icing by Jamie Oleksiak.
6:03 of 2nd period - Nick Bjugstad wins face-off versus Ryan Nugent-Hopkins in Minnesota North Stars zone.
6:06 of 2nd period - Snap shot by Brady Tkachuk.
6:06 of 2nd period - Shot Misses the Net.
6:08 of 2nd period - Slapshot by Cody Ceci.
6:08 of 2nd period - Deflect By Brandon Saad.
6:08 of 2nd period - Shot Misses the Net.
6:08 of 2nd period - Puck is out of play.
6:09 of 2nd period - Evgeni Malkin wins face-off versus Sam Bennett in Minnesota North Stars zone.
6:18 of 2nd period - Snap shot by Evgeni Malkin.
6:18 of 2nd period - Shot Blocked by Aaron Ekblad.
6:20 of 2nd period - Minor Penalty to Sam Bennett for Tripping.
6:21 of 2nd period - Evgeni Malkin wins face-off versus Nick Bjugstad in Toronto Maple Leafs zone.
6:37 of 2nd period - Snap shot by Jack Hughes.
6:37 of 2nd period - Shot Misses the Net.
8:20 of 2nd period - Penalty to Sam Bennett is over, Sam Bennett is back on ice.
8:31 of 2nd period - Dougie Hamilton is hit by Neal Pionk and loses puck.
8:51 of 2nd period - Jonathan Toews is hit by Trevor Zegras.
9:36 of 2nd period - Slapshot by Rasmus Dahlin.
9:36 of 2nd period - Shot Misses the Net.
9:42 of 2nd period - Rasmus Dahlin is hit by Dougie Hamilton and loses puck.
9:58 of 2nd period - Trevor Zegras is hit by Brandon Montour.
10:14 of 2nd period - Snap shot by Nicolas Roy.
10:14 of 2nd period - Stopped by Antti Raanta with a rebound.
10:53 of 2nd period - Scott Laughton is hit by Neal Pionk and loses puck.
12:52 of 2nd period - Slapshot by Brady Tkachuk.
12:52 of 2nd period - Goal by Brady Tkachuk - Minnesota North Stars : 3 - Toronto Maple Leafs : 1.
12:53 of 2nd period - Sam Bennett wins face-off versus Ryan Nugent-Hopkins in neutral zone.
13:45 of 2nd period - Nick Bjugstad is hit by Evan Rodrigues and loses puck.
15:15 of 2nd period - Off-side.
15:16 of 2nd period - Adam Lowry wins face-off versus Sam Bennett in neutral zone.
15:25 of 2nd period - Slapshot by Rasmus Dahlin.
15:25 of 2nd period - Shot Misses the Net.
15:38 of 2nd period - Minor Penalty to Luke Schenn for Hooking.
15:39 of 2nd period - Nick Bjugstad wins face-off versus Evgeni Malkin in Toronto Maple Leafs zone.
16:19 of 2nd period - Wrist shot by Jack Hughes.
16:19 of 2nd period - Goal by Jack Hughes - Minnesota North Stars : 4 - Toronto Maple Leafs : 1.
16:20 of 2nd period - Sam Bennett wins face-off versus Ryan Nugent-Hopkins in neutral zone.
16:27 of 2nd period - Slapshot by Aaron Ekblad.
16:27 of 2nd period - Stopped by Antti Raanta without a rebound.
16:28 of 2nd period - Ryan Nugent-Hopkins wins face-off versus Sam Bennett in Minnesota North Stars zone.
16:28 of 2nd period - Ryan Nugent-Hopkins is hit by Cody Ceci.
16:38 of 2nd period - Snap shot by Jeff Skinner.
16:38 of 2nd period - Stopped by Cam Talbot with a rebound.
16:56 of 2nd period - Rasmus Dahlin is hit by Brady Tkachuk and loses puck.
17:35 of 2nd period - Snap shot by Brady Tkachuk.
17:35 of 2nd period - Deflect By Sam Bennett.
17:35 of 2nd period - Stopped by Antti Raanta with a rebound.
18:01 of 2nd period - Snap shot by Brady Tkachuk.
18:01 of 2nd period - Shot Misses the Net.
18:03 of 2nd period - Slapshot by Brady Tkachuk.
18:03 of 2nd period - Stopped by Antti Raanta without a rebound.
18:04 of 2nd period - Evgeni Malkin wins face-off versus Scott Laughton in Minnesota North Stars zone.
18:37 of 2nd period - Snap shot by Andrew Mangiapane.
18:37 of 2nd period - Stopped by Antti Raanta without a rebound.
18:38 of 2nd period - Adam Lowry wins face-off versus Nicolas Roy in Minnesota North Stars zone.
19:15 of 2nd period - Snap shot by Jack Hughes.
19:15 of 2nd period - Shot Misses the Net.
19:17 of 2nd period - Slapshot by Jamie Oleksiak.
19:17 of 2nd period - Stopped by Cam Talbot with a rebound.
19:19 of 2nd period - Slapshot by Brandon Montour.
19:19 of 2nd period - Shot Misses the Net.
19:35 of 2nd period - Slapshot by Nino Niederreiter.
19:35 of 2nd period - Stopped by Antti Raanta with a rebound.
19:37 of 2nd period - Slapshot by Mario Ferraro.
19:37 of 2nd period - Stopped by Antti Raanta with a rebound.
19:39 of 2nd period - Snap shot by Luke Schenn.
19:39 of 2nd period - Stopped by Antti Raanta with a rebound.
19:49 of 2nd period - Snap shot by Nicolas Roy.
19:49 of 2nd period - Shot Misses the Net.
19:51 of 2nd period - Snap shot by Kyle Okposo.
19:51 of 2nd period - Shot Blocked by Gustav Forsling.
Goals for this period are 2 for Minnesota North Stars vs 1 for Toronto Maple Leafs.
Shots for this period are 5 for Minnesota North Stars vs 13 for Toronto Maple Leafs.
3rd period
0:01 of 3rd period - Brandon Saad wins face-off versus Evgeni Malkin in neutral zone.
0:28 of 3rd period - Icing by Jonathan Toews.
0:29 of 3rd period - Adam Lowry wins face-off versus Scott Laughton in Minnesota North Stars zone.
0:46 of 3rd period - Wrist shot by Trevor Zegras.
0:46 of 3rd period - Shot Misses the Net.
1:00 of 3rd period - Wrist shot by Alexander Barabanov.
1:00 of 3rd period - Stopped by Cam Talbot with a rebound.
1:02 of 3rd period - Slapshot by Justin Holl.
1:02 of 3rd period - Shot Misses the Net.
1:04 of 3rd period - Wrist shot by Evgeni Malkin.
1:04 of 3rd period - Shot Misses the Net.
1:06 of 3rd period - Snap shot by Gustav Forsling.
1:06 of 3rd period - Shot Blocked by Brady Tkachuk.
1:08 of 3rd period - Snap shot by Alexander Barabanov.
1:08 of 3rd period - Stopped by Cam Talbot without a rebound.
1:09 of 3rd period - Ryan Nugent-Hopkins wins face-off versus Scott Laughton in Toronto Maple Leafs zone.
1:10 of 3rd period - Slapshot by Jeff Skinner.
1:10 of 3rd period - Shot Blocked by Aaron Ekblad.
1:12 of 3rd period - Snap shot by Neal Pionk.
1:12 of 3rd period - Deflect By Ryan Nugent-Hopkins.
1:12 of 3rd period - Shot Misses the Net.
1:12 of 3rd period - Puck is out of play.
1:13 of 3rd period - Scott Laughton wins face-off versus Viktor Arvidsson in Toronto Maple Leafs zone.
1:46 of 3rd period - Snap shot by Brady Tkachuk.
1:46 of 3rd period - Stopped by Antti Raanta without a rebound.
1:47 of 3rd period - Sam Bennett wins face-off versus Evgeni Malkin in Minnesota North Stars zone.
1:50 of 3rd period - Wrist shot by Brady Tkachuk.
1:50 of 3rd period - Deflect By Sam Bennett.
1:50 of 3rd period - Stopped by Antti Raanta with a rebound.
1:52 of 3rd period - Slapshot by Ryan Pulock.
1:52 of 3rd period - Shot Blocked by Evgeni Malkin.
1:54 of 3rd period - Slapshot by Ryan Pulock.
1:54 of 3rd period - Shot Blocked by Evgeni Malkin.
1:56 of 3rd period - Snap shot by Dougie Hamilton.
1:56 of 3rd period - Shot Misses the Net.
1:58 of 3rd period - Snap shot by Brady Tkachuk.
1:58 of 3rd period - Shot Misses the Net.
2:06 of 3rd period - Slapshot by Brady Tkachuk.
2:06 of 3rd period - Stopped by Antti Raanta with a rebound.
2:08 of 3rd period - Wrist shot by Sam Bennett.
2:08 of 3rd period - Stopped by Antti Raanta with a rebound.
2:36 of 3rd period - Wrist shot by Evgeni Malkin.
2:36 of 3rd period - Stopped by Cam Talbot with a rebound.
2:38 of 3rd period - Wrist shot by Gustav Forsling.
2:38 of 3rd period - Shot Blocked by Sam Bennett.
2:40 of 3rd period - Wrist shot by Evgeni Malkin.
2:40 of 3rd period - Stopped by Cam Talbot without a rebound.
2:41 of 3rd period - Adam Lowry wins face-off versus Scott Laughton in Toronto Maple Leafs zone.
2:46 of 3rd period - Slapshot by Rasmus Dahlin.
2:46 of 3rd period - Stopped by Cam Talbot with a rebound.
2:48 of 3rd period - Snap shot by Rasmus Dahlin.
2:48 of 3rd period - Shot Misses the Net.
2:50 of 3rd period - Snap shot by Adam Lowry.
2:50 of 3rd period - Stopped by Cam Talbot with a rebound.
2:52 of 3rd period - Slapshot by Neal Pionk.
2:52 of 3rd period - Deflect By Evan Rodrigues.
2:52 of 3rd period - Shot Misses the Net.
2:52 of 3rd period - Puck is out of play.
2:53 of 3rd period - Scott Laughton wins face-off versus Adam Lowry in Toronto Maple Leafs zone.
3:20 of 3rd period - Kyle Okposo is hit by Viktor Arvidsson and loses puck.
4:49 of 3rd period - Snap shot by Kyle Okposo.
4:49 of 3rd period - Goal by Kyle Okposo - Minnesota North Stars : 4 - Toronto Maple Leafs : 2.
4:50 of 3rd period - Adam Lowry wins face-off versus Sam Bennett in neutral zone.
4:57 of 3rd period - Snap shot by Evan Rodrigues.
4:57 of 3rd period - Deflect By Jonathan Toews.
4:57 of 3rd period - Stopped by Cam Talbot with a rebound.
6:05 of 3rd period - Slapshot by Eeli Tolvanen.
6:05 of 3rd period - Shot Misses the Net.
6:23 of 3rd period - Slapshot by Brandon Montour.
6:23 of 3rd period - Stopped by Cam Talbot with a rebound.
6:25 of 3rd period - Wrist shot by Adam Lowry.
6:25 of 3rd period - Stopped by Cam Talbot with a rebound.
6:29 of 3rd period - Snap shot by Evan Rodrigues.
6:29 of 3rd period - Shot Blocked by Ryan Pulock.
6:41 of 3rd period - Slapshot by Dougie Hamilton.
6:41 of 3rd period - Shot Blocked by Viktor Arvidsson.
6:43 of 3rd period - Wrist shot by Scott Laughton.
6:43 of 3rd period - Stopped by Antti Raanta with a rebound.
6:45 of 3rd period - Slapshot by Scott Laughton.
6:45 of 3rd period - Shot Blocked by Jeff Skinner.
6:47 of 3rd period - Slapshot by Ryan Pulock.
6:47 of 3rd period - Shot Misses the Net.
7:12 of 3rd period - Slapshot by Jack Hughes.
7:12 of 3rd period - Stopped by Cam Talbot with a rebound.
7:14 of 3rd period - Backhand shot by Jack Hughes.
7:14 of 3rd period - Shot Misses the Net.
7:36 of 3rd period - Icing by Luke Schenn.
7:37 of 3rd period - Nick Bjugstad wins face-off versus Evgeni Malkin in Toronto Maple Leafs zone.
8:20 of 3rd period - Minor Penalty to Evgeni Malkin for Holding.
8:21 of 3rd period - Ryan Nugent-Hopkins wins face-off versus Sam Bennett in Minnesota North Stars zone.
8:47 of 3rd period - Brandon Saad is hit by Neal Pionk.
8:51 of 3rd period - Snap shot by Evan Rodrigues.
8:51 of 3rd period - Stopped by Cam Talbot with a rebound.
10:20 of 3rd period - Penalty to Evgeni Malkin is over, Evgeni Malkin is back on ice.
10:37 of 3rd period - Wrist shot by Andrew Mangiapane.
10:37 of 3rd period - Shot Misses the Net.
10:51 of 3rd period - Icing by Nick Bjugstad.
10:52 of 3rd period - Nick Bjugstad wins face-off versus Ryan Nugent-Hopkins in Toronto Maple Leafs zone.
11:07 of 3rd period - Mario Ferraro is hit by Ryan Nugent-Hopkins.
11:28 of 3rd period - Double Minor Penalty to Aaron Ekblad for Roughing.
11:29 of 3rd period - Evgeni Malkin wins face-off versus Nick Bjugstad in Toronto Maple Leafs zone.
11:30 of 3rd period - Slapshot by Jack Hughes.
11:30 of 3rd period - Shot Misses the Net.
11:32 of 3rd period - Snap shot by Jack Hughes.
11:32 of 3rd period - Deflect By Evan Rodrigues.
11:32 of 3rd period - Shot Misses the Net.
11:32 of 3rd period - Puck is out of play.
11:33 of 3rd period - Nick Bjugstad wins face-off versus Evgeni Malkin in Toronto Maple Leafs zone.
11:46 of 3rd period - Slapshot by Evgeni Malkin.
11:46 of 3rd period - Stopped by Cam Talbot with a rebound.
11:48 of 3rd period - Snap shot by Evan Rodrigues.
11:48 of 3rd period - Shot Misses the Net.
11:50 of 3rd period - Snap shot by Evgeni Malkin.
11:50 of 3rd period - Shot Misses the Net.
12:29 of 3rd period - Wrist shot by Ryan Nugent-Hopkins.
12:29 of 3rd period - Shot Misses the Net.
12:31 of 3rd period - Slapshot by Rasmus Dahlin.
12:31 of 3rd period - Shot Blocked by Dougie Hamilton.
12:33 of 3rd period - Snap shot by Jeff Skinner.
12:33 of 3rd period - Shot Misses the Net.
12:35 of 3rd period - Slapshot by Rasmus Dahlin.
12:35 of 3rd period - Goal by Rasmus Dahlin - Minnesota North Stars : 5 - Toronto Maple Leafs : 2.
12:36 of 3rd period - Nick Bjugstad wins face-off versus Evgeni Malkin in neutral zone.
13:00 of 3rd period - Luke Schenn is hit by Neal Pionk and loses puck.
14:35 of 3rd period - Penalty to Aaron Ekblad is over, Aaron Ekblad is back on ice.
14:45 of 3rd period - Nick Bjugstad is hit by Brandon Montour and loses puck.
14:54 of 3rd period - Snap shot by Derick Brassard.
14:54 of 3rd period - Stopped by Cam Talbot with a rebound.
15:14 of 3rd period - Snap shot by Aaron Ekblad.
15:14 of 3rd period - Stopped by Antti Raanta without a rebound.
15:15 of 3rd period - Derick Brassard wins face-off versus Brandon Saad in Minnesota North Stars zone.
15:15 of 3rd period - Derick Brassard is hit by Brady Tkachuk.
15:40 of 3rd period - Brandon Montour is hit by Trevor Zegras and loses puck.
16:22 of 3rd period - Off-side.
16:23 of 3rd period - Evgeni Malkin wins face-off versus Scott Laughton in neutral zone.
16:23 of 3rd period - Evgeni Malkin is hit by Scott Laughton.
16:38 of 3rd period - Icing by Mario Ferraro.
16:39 of 3rd period - Adam Lowry wins face-off versus Scott Laughton in Toronto Maple Leafs zone.
16:42 of 3rd period - Snap shot by Evan Rodrigues.
16:42 of 3rd period - Stopped by Cam Talbot with a rebound.
16:45 of 3rd period - Minor Penalty to Luke Schenn for Tripping.
16:46 of 3rd period - Ryan Nugent-Hopkins wins face-off versus Nick Bjugstad in Toronto Maple Leafs zone.
18:04 of 3rd period - Aaron Ekblad is hit by Rasmus Dahlin and loses puck.
18:27 of 3rd period - Wrist shot by Kyle Okposo.
18:27 of 3rd period - Stopped by Antti Raanta with a rebound.
18:45 of 3rd period - Penalty to Luke Schenn is over, Luke Schenn is back on ice.
18:45 of 3rd period - Backhand shot by Brady Tkachuk.
18:45 of 3rd period - Stopped by Antti Raanta with a rebound.
19:25 of 3rd period - Neal Pionk is hit by Cody Ceci and loses puck.
19:51 of 3rd period - Wrist shot by Derick Brassard.
19:51 of 3rd period - Shot Misses the Net.
19:53 of 3rd period - Snap shot by Frank Vatrano.
19:53 of 3rd period - Stopped by Cam Talbot without a rebound.
19:54 of 3rd period - Scott Laughton wins face-off versus Derick Brassard in Toronto Maple Leafs zone.
Goals for this period are 1 for Minnesota North Stars vs 1 for Toronto Maple Leafs.
Shots for this period are 16 for Minnesota North Stars vs 9 for Toronto Maple Leafs.
Back to the Top